Map: Abyssal Reef LE

Players

Stats - Winner!

  • Race: Protoss Protoss
  • League: Master
  • Spawn Location: 11:00

DeMusliM

  • Race: Terran Terran
  • League: Grandmaster
  • Spawn Location: 5:00

Event: HomeStory Cup XVI

VOD

Have the link to the VOD?

Description

Time

  • Played on: Nov. 10, 2017, 7:49 a.m.
  • Length: 18:13

All games in this series

Show
View Real Time Build Order
Export as new Build Order

Stats Protoss - Winner!

Build Orders:  

Get SALT Encoding   

  12  0:02  Probe (Chrono Boost)  
  14  0:14  Probe (Chrono Boost)  
  14  0:17  Pylon  
  14  0:26  Probe (Chrono Boost)  
  15  0:32  Probe (Chrono Boost)  
  15  0:37  Gateway  
  15  0:40  Probe (Chrono Boost)  
  17  0:46  Assimilator  
  17  0:53  Probe (Chrono Boost)  
  19  1:05  Probe (Chrono Boost)  
  19  1:17  Probe (Chrono Boost)  
  20  1:22  Assimilator  
  20  1:24  Cybernetics Core  
  20  1:26  Pylon  
  20  1:28  Zealot  
  20  1:29  Probe (Chrono Boost)  
  23  1:46  Probe (Chrono Boost)  
  24  1:50  Stalker  
  24  1:58  Probe (Chrono Boost)  
  27  2:02  Warp Gate  
  27  2:10  Probe (Chrono Boost)  
  28  2:15  Pylon  
  28  2:20  Stalker  
  31  2:22  Probe (Chrono Boost)  
  31  2:36  Nexus  
  31  2:48  Robotics Facility  
  30  2:53  Probe (Chrono Boost)  
  28  3:01  Probe (Chrono Boost)  
  25  3:07  Probe (Chrono Boost)  
  25  3:10  Pylon  
  25  3:11  Pylon  
  25  3:12  Pylon  
  24  3:16  Probe (Chrono Boost)  
  25  3:22  Probe (Chrono Boost)  
  27  3:35  Observer, Probe (Chrono Boost)  
  27  3:38  Robotics Bay  
  28  3:47  Probe (Chrono Boost)  
  29  3:57  Warp Prism  
  29  3:59  Probe (Chrono Boost)  
  33  4:11  Probe (Chrono Boost)  
  34  4:28  Disruptor  
  34  4:30  Nexus  
  33  4:42  Gravitic Drive  
  33  4:44  Probe (Chrono Boost)  
  37  4:55  Sentry  
  37  4:56  Probe (Chrono Boost)  
  40  5:02  Pylon  
  41  5:08  Probe (Chrono Boost)  
  41  5:12  Observer  
  42  5:20  Probe (Chrono Boost)  
  43  5:24  Gateway, Sentry  
  45  5:32  Probe (Chrono Boost)  
  45  5:34  Observer  
  47  5:45  Probe x2 (Chrono Boost)  
  47  5:48  Twilight Council  
  49  5:51  Probe (Chrono Boost)  
  51  5:57  Probe (Chrono Boost)  
  51  6:00  Probe (Chrono Boost)  
  51  6:02  Assimilator  
  52  6:04  Assimilator  
  52  6:09  Probe (Chrono Boost)  
  53  6:14  Colossus  
  53  6:16  Probe (Chrono Boost)  
  59  6:21  Probe (Chrono Boost)  
  59  6:23  Probe (Chrono Boost)  
  63  6:33  Probe (Chrono Boost)  
  63  6:37  Nexus, Probe (Chrono Boost)  
  64  6:45  Probe (Chrono Boost)  
  65  6:49  Probe (Chrono Boost)  
  66  6:56  Pylon  
  66  6:57  Colossus  
  66  6:58  Probe (Chrono Boost)  
  66  6:59  Extended Thermal Lance  
  68  7:01  Probe (Chrono Boost)  
  69  7:10  Probe (Chrono Boost)  
  69  7:13  Probe (Chrono Boost)  
  76  7:18  Forge  
  76  7:19  Blink  
  76  7:22  Probe (Chrono Boost)  
  77  7:25  Probe (Chrono Boost)  
  77  7:26  Pylon  
  78  7:34  Probe (Chrono Boost)  
  80  7:38  Probe (Chrono Boost)  
  80  7:41  Protoss Ground Weapons Level 1  
  80  7:42  Observer  
  80  7:47  Probe (Chrono Boost)  
  80  7:50  Probe (Chrono Boost)  
  84  7:51  Probe (Chrono Boost)  
  84  7:54  Sentry  
  87  7:59  Probe (Chrono Boost)  
  87  8:02  Probe (Chrono Boost)  
  87  8:03  Colossus  
  87  8:04  Gateway, Probe (Chrono Boost)  
  89  8:06  Gateway  
  89  8:09  Gateway  
  89  8:10  Gateway  
  89  8:11  Probe (Chrono Boost)  
  91  8:14  Probe (Chrono Boost)  
  91  8:19  Probe (Chrono Boost)  
  98  8:23  Probe (Chrono Boost)  
  98  8:26  Probe (Chrono Boost)  
  100  8:28  Assimilator x2  
  100  8:31  Probe (Chrono Boost)  
  102  8:35  Probe (Chrono Boost), Pylon  
  102  8:38  Probe (Chrono Boost)  
  103  8:41  Forge  
  105  8:49  Probe x2 (Chrono Boost)  
  105  8:50  Probe (Chrono Boost)  
  105  8:51  Colossus  
  105  8:53  Stalker x2  
  110  9:00  Protoss Ground Armor Level 1  
  110  9:01  Robotics Facility  
  110  9:02  Pylon  
  116  9:03  Pylon  
  116  9:09  Protoss Ground Weapons Level 2  
  116  9:13  Nexus  
  116  9:15  Shield Battery  
  116  9:16  Shield Battery, Pylon  
  116  9:21  Charge  
  116  9:33  Immortal  
  116  9:44  Observer, Templar Archives  
  120  9:50  Pylon  
  121  10:01  Immortal  
  125  10:09  Stalker x2  
  125  10:10  Stalker x4  
  125  10:12  Immortal  
  141  10:23  Probe x3 (Chrono Boost)  
  141  10:24  Pylon  
  145  10:29  Probe (Chrono Boost)  
  145  10:32  Immortal  
  145  10:35  Pylon  
  145  10:37  Gateway  
  145  10:38  Gateway  
  149  10:50  Stalker  
  149  10:51  Stalker x5, Immortal  
  149  10:54  Pylon  
  149  10:55  Protoss Ground Armor Level 2  
  149  10:56  Pylon  
  165  11:11  Immortal  
  165  11:17  Dark Shrine  
  169  11:25  Zealot x6  
  141  11:47  Stalker x5  
  141  11:48  Stalker x2  
  141  11:50  Stalker, Nexus  
  131  12:09  Immortal x2  
  131  12:10  Probe x3 (Chrono Boost)  
  131  12:11  Probe (Chrono Boost)  
  125  12:25  Protoss Ground Weapons Level 3  
  117  12:37  Stalker x5  
  117  12:38  Stalker x3  
  133  12:53  Warp Prism, Probe x3 (Chrono Boost)  
  133  12:54  Warp Prism, Probe (Chrono Boost)  
  141  13:02  Dark Templar x4  
  141  13:03  Zealot x4  
  141  13:04  Protoss Ground Armor Level 3  
  157  13:13  Gateway  
  157  13:15  Gateway  
  131  13:34  Immortal x2  
  131  13:36  Stargate  
  135  14:01  Zealot x7  
  135  14:02  Zealot  
  151  14:25  High Templar x4, Zealot x2, Psionic Storm  
  151  14:26  Zealot x4  
  151  14:28  Oracle  
  173  14:41  Colossus x2  
  173  14:45  Pylon  
  185  14:49  Sentry x2  
  185  14:52  Stalker, Assimilator x2  
  189  14:53  Observer  
  189  14:58  Assimilator x2  
  191  15:07  Gateway x2  
  191  15:09  Gateway  
  191  15:11  Gateway  
  191  15:18  Protoss Air Weapons Level 1, Gateway  
  191  15:20  Gateway  
  191  15:29  Stargate  
  191  15:32  Stargate  
  191  15:34  Fleet Beacon  
  189  15:36  Nexus  
  189  15:37  Shield Battery  
  189  15:39  Pylon  
  189  15:42  Shield Battery  
  189  15:43  Pylon  
  189  15:44  Zealot x2  
  185  15:56  Stalker x4  
  193  15:57  Zealot, Dark Templar x2  
  193  16:15  Carrier  
  193  16:16  Carrier  
  167  16:19  Carrier  
  167  16:31  Zealot x3  
  167  16:32  Zealot x4  
  185  16:34  Zealot  
  189  16:43  Photon Cannon  
  189  16:45  Photon Cannon  
  189  16:46  Photon Cannon  
  189  16:47  Zealot x7, Shield Battery  
  188  16:49  Shield Battery  
  188  16:53  Assimilator  
  197  16:55  Assimilator  
  197  16:58  Stalker  
  183  17:22  Stalker x4  
  157  17:23  Zealot x8  
  157  17:24  Zealot x4  
Show
View Real Time Build Order
Export as new Build Order

DeMusliM Terran 

Build Orders: Bio Tank, Mech 

Get SALT Encoding   

  12  0:00  SCV  
  13  0:12  SCV  
  14  0:19  Supply Depot  
  14  0:25  SCV  
  15  0:40  SCV  
  15  0:42  Barracks  
  16  0:47  Refinery  
  16  0:52  SCV  
  17  0:58  Refinery  
  17  1:04  SCV  
  18  1:16  SCV  
  19  1:30  Orbital Command  
  19  1:37  Ghost Academy  
  19  1:38  Barracks Tech Lab  
  19  1:52  Factory  
  19  1:56  SCV  
  20  2:06  Ghost  
  22  2:10  Supply Depot  
  22  2:12  SCV  
  23  2:18  Engineering Bay  
  23  2:29  Factory  
  23  2:35  SCV  
  24  2:47  SCV  
  25  2:59  SCV  
  26  3:11  SCV  
  27  3:17  Cyclone  
  28  3:20  Command Center  
  28  3:23  SCV  
  29  3:33  Barracks  
  29  3:35  SCV  
  29  3:36  Terran Infantry Weapons Level 1  
  30  3:44  Barracks  
  30  3:49  Factory Tech Lab  
  30  3:51  SCV  
  31  3:57  Supply Depot  
  31  4:18  SCV, Siege Tank  
  31  4:20  Barracks Tech Lab  
  35  4:30  SCV  
  36  4:32  Orbital Command, Barracks Reactor  
  36  4:36  Command Center  
  36  4:40  Stimpack  
  36  4:42  Marine  
  36  4:45  SCV  
  38  4:50  Siege Tank  
  41  4:57  Orbital Command, SCV  
  42  5:03  Marine  
  42  5:04  Barracks Reactor  
  43  5:09  SCV, Marine x2  
  46  5:18  Armory  
  46  5:21  SCV  
  46  5:25  Refinery x2  
  47  5:29  SCV  
  47  5:34  Supply Depot, SCV  
  49  5:37  Bunker  
  49  5:39  Siege Tank  
  49  5:45  SCV  
  49  5:46  SCV  
  52  5:53  Orbital Command  
  51  5:57  SCV  
  51  5:58  SCV  
  51  5:59  Missile Turret  
  53  6:08  Supply Depot  
  53  6:09  SCV  
  53  6:10  SCV  
  53  6:20  SCV  
  53  6:21  SCV  
  53  6:22  SCV  
  56  6:29  Terran Infantry Weapons Level 2  
  56  6:30  Terran Vehicle Weapons Level 1  
  56  6:32  SCV, Siege Tank  
  60  6:33  SCV  
  60  6:36  SCV  
  62  6:41  Starport  
  62  6:44  SCV, Marine x4  
  65  6:49  SCV x2  
  65  6:51  Missile Turret  
  67  7:03  SCV x2  
  67  7:04  SCV  
  67  7:05  Marine x2  
  67  7:06  Marine x3  
  67  7:07  Missile Turret  
  75  7:09  Combat Shields  
  75  7:15  SCV x2  
  77  7:16  SCV  
  77  7:19  Starport Reactor  
  77  7:20  Siege Tank  
  81  7:24  Supply Depot  
  81  7:25  Supply Depot  
  81  7:32  SCV x2  
  81  7:34  Marine x2  
  85  7:43  Supply Depot  
  85  7:45  Supply Depot, Marine x3  
  88  7:51  Factory  
  88  7:52  Factory  
  88  7:54  Siege Tank  
  88  7:56  Marine x2  
  88  7:58  SCV x2  
  95  8:07  Missile Turret  
  95  8:11  Orbital Command, SCV  
  95  8:12  SCV  
  95  8:20  Marine x4  
  95  8:21  Medivac x2, Missile Turret, Marine  
  95  8:24  SCV x2  
  95  8:26  Siege Tank  
  109  8:27  Bunker  
  107  8:36  Missile Turret, SCV x3  
  110  8:43  Factory Tech Lab x2  
  110  8:44  Missile Turret  
  110  8:48  SCV  
  111  8:50  SCV x2  
  111  8:51  Supply Depot  
  111  8:52  Supply Depot x2  
  111  8:55  Terran Infantry Weapons Level 3  
  113  9:01  Supply Depot  
  113  9:02  Bunker  
  113  9:03  SCV x2  
  115  9:13  Siege Tank x2  
  121  9:19  Medivac x2, Siege Tank  
  121  9:24  Refinery  
  128  9:25  Refinery  
  127  9:38  Marine x4  
  127  9:39  Marauder  
  127  9:40  SCV  
  127  9:44  Command Center  
  127  9:45  Siege Tank  
  137  9:47  Siege Tank  
  137  9:49  Missile Turret  
  140  9:56  Terran Vehicle Weapons Level 2, Marine x4  
  140  9:59  Marine  
  144  10:02  Supply Depot  
  144  10:03  Supply Depot  
  144  10:04  Supply Depot  
  145  10:07  Liberator  
  145  10:08  Siege Tank  
  145  10:14  Marine  
  148  10:18  Supply Depot  
  148  10:19  Supply Depot  
  149  10:24  Siege Tank, Marine x4  
  159  10:31  Marine  
  159  10:33  Siege Tank  
  159  10:35  Viking  
  164  10:50  Siege Tank  
  167  11:00  Marine x2  
  167  11:01  Marine  
  165  11:05  Missile Turret, Siege Tank  
  165  11:06  Missile Turret  
  165  11:07  Viking x2  
  172  11:11  Marine, Siege Tank  
  172  11:12  Marauder  
  172  11:18  Marine  
  178  11:20  Marine x2  
  178  11:22  Siege Tank  
  184  11:29  Marine  
  179  11:33  Marauder  
  179  11:37  Siege Tank  
  150  11:43  Siege Tank, Marine x3  
  119  11:47  Marine  
  107  11:54  Siege Tank  
  107  11:55  Marauder  
  107  12:00  Marine  
  107  12:01  Marine x2  
  107  12:05  Marine  
  102  12:09  Siege Tank  
  106  12:15  Marine, Siege Tank  
  106  12:18  Marine x2  
  106  12:19  Marine  
  104  12:26  Siege Tank  
  107  12:31  Medivac  
  108  12:41  SCV x2, Siege Tank  
  108  12:42  SCV  
  114  12:47  Siege Tank  
  114  12:48  Supply Depot x2  
  114  12:49  Supply Depot  
  117  12:52  Refinery  
  117  12:53  SCV x2  
  117  12:54  Medivac, Refinery, SCV  
  117  12:55  Terran Vehicle Weapons Level 3  
  117  12:57  Marine x2  
  124  12:58  Siege Tank  
  124  13:05  SCV  
  128  13:08  Bunker  
  128  13:10  Supply Depot  
  128  13:13  Planetary Fortress  
  128  13:15  SCV x2  
  130  13:24  Marine  
  130  13:25  Marine x3  
  125  13:32  Marine  
  125  13:33  Concussive Shells  
  122  13:34  Siege Tank x2  
  122  13:35  Siege Tank  
  122  13:39  Medivac x2  
  135  13:42  Marine  
  134  13:54  Missile Turret  
  134  13:56  Missile Turret  
  134  13:59  Missile Turret  
  134  14:04  Marine  
  134  14:06  Siege Tank x2  
  134  14:09  Supply Depot, Missile Turret  
  141  14:15  Missile Turret x2, Siege Tank  
  144  14:17  Terran Infantry Armor Level 1  
  135  14:32  SCV x3  
  135  14:35  Liberator x2  
  135  14:36  Missile Turret  
  141  14:38  Siege Tank x2  
  141  14:43  Marine  
  141  14:44  Marine x4  
  149  14:47  Siege Tank  
  158  15:07  Command Center  
  158  15:12  Siege Tank  
  158  15:13  Siege Tank  
  164  15:18  Supply Depot x2  
  164  15:25  Liberator x2, Siege Tank  
  164  15:28  Supply Depot  
  167  15:29  Supply Depot  
  167  15:39  Sensor Tower  
  170  15:44  Siege Tank  
  173  15:50  Marine x3  
  173  15:51  Marine  
  173  15:56  Siege Tank  
  178  16:00  Marine  
  176  16:08  Marine x3  
  173  16:14  Marine  
  173  16:17  Marine, Siege Tank  
  163  16:26  Marine x3  
  163  16:27  Factory Tech Lab  
  163  16:28  Siege Tank  
  169  16:36  Marauder  
  171  16:40  Missile Turret  
  171  16:42  Missile Turret  
  171  16:43  Marine  
  171  16:44  Marine x3  
  178  16:49  Siege Tank  
  181  17:00  Siege Tank  
  187  17:06  Marine  
  172  17:15  Marine x3  
  172  17:16  Marine  
  172  17:21  Siege Tank  
  147  17:24  Marine  
  141  17:33  Marine x2  
  141  17:35  Siege Tank  
  113  17:51  Marine  
Tags
 
Add a new tag
Caveats
  • Supply blocks, unpowered buildings, or Contaminate may cause inaccurate times.
  • Supply counts are checked every 10 seconds.